 Dungeon Crawl Stone Soup version 0.24.0-123-gd5b16e6ec5 (webtiles) character file.

Game seed: 12785621055295101703, levelgen mode: deterministic

229 sagitran the Shield-Bearer (level 5, -1/45 HPs)
             Began as a Demigod Fighter on Dec 22, 2019.
             Slain by Duvessa
             ... wielding a +2 short sword of draining
              (6 damage)
             ... on level 4 of the Dungeon.
             The game lasted 00:12:37 (2661 turns).

sagitran the Shield-Bearer (Demigod Fighter)        Turns: 2661, Time: 00:12:37

Health: -1/45      AC:  9    Str: 21    XL:     5   Next: 43%
Magic:  7/7        EV:  6    Int: 12    God:
Gold:   143        SH:  8    Dex: 15    Spells: 4/4 levels left

rFire    + . .     SeeInvis .   a - +0 long sword
rCold    + . .     Gourm    .   c - +0 shield
rNeg     . . .     Faith    .   b - +2 scale mail
rPois    +         Spirit   .   i - +0 helmet
rElec    +         Reflect  .   (no cloak)
rCorr    +         Harm     .   (no gloves)
MR       .....     Rnd*Tele +   (no boots)
Stlth    ..........             (no amulet)
HPRegen  0.15/turn              n - ring of teleportation (curse)
MPRegen  0.10/turn              (no ring)

@: resistant, extremely drained
A: high mp 1
a: no special abilities


You were on level 4 of the Dungeon.
You were not hungry.

You visited 1 branch of the dungeon, and saw 4 of its levels.

You collected 143 gold pieces.

Inventory:

Hand Weapons
 a - a +0 long sword (weapon)
Armour
 b - a +2 scale mail (worn)
 c - a +0 shield (worn)
 i - a +0 helmet (worn)
Jewellery
 n - a cursed ring of teleportation (left hand)
Wands
 m - a wand of random effects (19)
Scrolls
 d - a scroll of immolation {unknown}
 e - a scroll of fog
 g - a scroll of teleportation
 j - 2 scrolls of identify
 k - a scroll of remove curse {unknown}
Comestibles
 f - 6 rations


   Skills:
 + Level 3.4(0.0) Fighting
 + Level 3.4(0.0) Long Blades
 + Level 3.4(0.0) Armour
 + Level 1.4(0.0) Dodging
 + Level 3.5(0.0) Shields


You had 4 spell levels left.
You didn't know any spells.
Your spell library was empty.

Dungeon Overview and Level Annotations

Branches:
Dungeon (4/15)
 Temple: D:4-7

Annotations:
D:4 Dowan, Duvessa


Innate Abilities, Weirdness & Mutations

You have an increased reservoir of magic. (+10% MP)


Message History

You block Duvessa's attack.
You hit Duvessa but do no damage.
Duvessa is heavily wounded.
Duvessa hits you with a +2 short sword of draining!
* * * LOW HITPOINT WARNING * * *
You feel drained.
* * * LOW HITPOINT WARNING * * *
The orc wizard barely misses you.
You riposte.
You hit the orc wizard.
The orc wizard is lightly wounded.
Duvessa hits you but does no damage.
You feel drained. You block the orc wizard's attack.
You barely miss Duvessa.
Duvessa is heavily wounded.
Duvessa hits you but does no damage.
You feel drained. You block the orc wizard's attack.
Duvessa hits you but does no damage.
You feel drained.
You closely miss Duvessa.
Duvessa is heavily wounded.
Duvessa hits you with a +2 short sword of draining.
You die...

#.# # #.#
#.# #.# #.#
##.###
#...e#
##.#e#
###@# #o# #
#o# .#
#o####.#
#o#....#
#....####..
#..........
##.<.#....
##.## ##.


You could see Duvessa, Dowan, an orc wizard and 3 orcs.

Vanquished Creatures
  An orc priest (D:3)
  Jessica (D:3)
  Ijyb (D:3)
  7 adders
  2 oozes (D:1)
  2 worms
  A dart slug (D:1)
  2 leopard geckos
  4 orcs (D:3)
  4 ball pythons
  7 bats
  2 giant cockroaches
  5 goblins
  6 hobgoblins
  6 jackals
  2 quokkas
  A frilled lizard (D:1)
  5 kobolds
  9 rats
68 creatures vanquished.

Notes
Turn   | Place    | Note
-------+----------+-------------------------------------------
     0 | D:1      | sagitran the Demigod Fighter began the quest for the Orb.
     0 | D:1      | Reached XP level 1. HP: 18/18 MP: 3/3
   122 | D:1      | Reached XP level 2. HP: 19/25 MP: 4/4
   652 | D:1      | Reached XP level 3. HP: 31/31 MP: 5/5
   795 | D:2      | Found a sparkling altar of Nemelex Xobeh.
  1597 | D:2      | Reached XP level 4. HP: 36/38 MP: 6/6
  1759 | D:3      | Noticed Jessica
  1774 | D:3      | Killed Jessica
  1786 | D:3      | Noticed Ijyb
  1800 | D:3      | Killed Ijyb
  1839 | D:3      | Reached skill level 1 in Dodging
  1839 | D:3      | Reached XP level 5. HP: 40/45 MP: 7/7
  2623 | D:4      | Noticed Dowan
  2623 | D:4      | Noticed Duvessa
  2661 | D:4      | Slain by Duvessa

Levels and vault maps discovered:
D:1:      shiori_arrival_elements, layout_basic
D:2:      layout_loops_ring, lemuel_coloured_pillars_altar,
          nemelex_spade_bored_becter
D:3:      layout_basic, feat_on_display, uniq_jessica, uniq_ijyb
D:4:      layout_loops_ring, makhleb_blood_cavern_becter, gammafunk_ghost_smash,
          serial_shops, shop, first_ration, portal_sewer_entry_f,
          chequers_hall_statues_wall_a, corexii_shack, minmay_misc_feat_alley,
          kennysheep_pointless_box, uniq_menkaure, uniq_duvessa

Skill      XL: |  1  2  3  4 |
---------------+-------------+-----
Long Blades    | 2 3 |  3.4
Armour         | 3 |  3.4
Shields        | 3 |  3.5
Fighting       | 3 |  3.4
Dodging        | 1 |  1.4

Action                   |  1- 3 |  4- 6 || total
-------------------------+-------+-------++-------
Melee: Long sword        |   133 |   140 ||   273
  Use: Potion            |     2 |     3 ||     5
       Scroll            |       |     8 ||     8
  Eat: Ration            |     1 |     1 ||     2
       Chunk             |     1 |       ||     1
Armor: Scale mail        |    59 |   110 ||   169
Dodge: Dodged            |    44 |    68 ||   112
Block: Shield            |    83 |   111 ||   194
       Rpst.: Long sword |    11 |    25 ||    36
